 Dungeon Crawl Stone Soup version 0.24.0-37-gcf1ca852f1 (webtiles) character file.

Game seed: 15558622546748455571, levelgen mode: deterministic

3725027 scherben the Slayer (level 27, 135/171 HPs)
             Began as a Human Fighter on Dec 3, 2019.
             Was the Champion of the Shining One.
             Escaped with the Orb
             ... and 6 runes on Dec 5, 2019!
             The game lasted 14:17:45 (86059 turns).

scherben the Slayer (Human Fighter)                Turns: 86059, Time: 14:17:45

Health: 135/171    AC: 40    Str: 25    XL:     27
Magic:  38/44      EV: 22    Int: 18    God:    the Shining One [******]
Gold:   3867       SH: 39    Dex: 22    Spells: 38/50 levels left

rFire    + + +     SeeInvis .   a - +8 double sword "Xedetaun" {freeze, rC+++ Str+7 Int-2 Stlth+}
rCold    + + +     Gourm    .   t - +8 large shield {rPois}
rNeg     + + +     Faith    .   v - +8 plate armour of Taynum {rF++ rC+ MR+}
rPois    +         Spirit   +   N - +2 helmet {Int+3}
rElec    +         Reflect  .   K - +2 cloak {MR+}
rCorr    .         Harm     .   k - +3 pair of gauntlets of War {Slay+5}
MR       +++++     Rnd*Rage +   y - +2 pair of boots {Fly}
Stlth    ..........             Y - amulet "Domemom" {Spirit rElec Int+3}
HPRegen  0.38/turn              G - ring "Geenaup" {+Inv MR++ MP+9 Dex+4, =R}
MPRegen  0.29/turn              p - ring "Uxesch" {rF++ MR- Dex+7 Stlth-}

@: flying, glowing
A: large bone plates 1, berserk 2, clumsy 2, deformed body, deterioration 2,
fire resistance 1, frail 3, low mp 1, screaming 1, weak 2, no potion heal 1,
subdued magic 3
0: Orb of Zot
}: 6/15 runes: serpentine, barnacled, slimy, silver, obsidian, abyssal
a: Divine Shield, Cleansing Flame, Summon Divine Warrior, Renounce Religion,
Evoke Invisibility, Stop Flying


You escaped.
You worshipped the Shining One.
The Shining One was exalted by your worship.
You were not hungry.

You visited 14 branches of the dungeon, and saw 66 of its levels.
You visited the Abyss 6 times.
You visited 1 bazaar.
You also visited: Bailey and Gauntlet.

You collected 9734 gold pieces.
You spent 5854 gold pieces at shops.
You donated 13 gold pieces to Zin.

Inventory:

Hand Weapons
 a - the +8 double sword "Xedetaun" (weapon) {freeze, rC+++ Str+7 Int-2 Stlth+}
   (You acquired it on level 5 of the Lair of Beasts)

   It has been specially enchanted to freeze those struck by it, causing extra
   injury to most foes and up to half again as much damage against particularly
   susceptible opponents.
   It can also slow down cold-blooded creatures.
   It affects your strength (+7).
   It affects your intelligence (-2).
   It renders you almost immune to cold.
   It makes you more stealthy.
 b - a +9 fustibalus of freezing
 w - a +9 double sword of holy wrath
Missiles
 e - 543 sling bullets
 n - 10 throwing nets (quivered)
 E - 3 atropa-tipped darts
 H - 47 silver javelins
Armour
 k - the +3 pair of gauntlets of War (worn) {Slay+5}
   (You found it on level 3 of the Elven Halls)

   It affects your accuracy and damage with ranged weapons and melee attacks
   (+5).
 t - a +8 large shield of poison resistance (worn)
 v - the +8 plate armour of Taynum (worn) {rF++ rC+ MR+}
   (You found it on level 3 of the Elven Halls)

   It greatly protects you from fire.
   It protects you from cold.
   It affects your resistance to hostile enchantments.
 y - a +2 pair of boots of flying (worn)
 K - a +2 cloak of magic resistance (worn)
 N - a +2 helmet of intelligence (worn)
Jewellery
 p - the ring "Uxesch" (right hand) {rF++ MR- Dex+7 Stlth-}
   (You found it in a Gauntlet)

   [ring of attention]

   It affects your dexterity (+7).
   It greatly protects you from fire.
   It affects your resistance to hostile enchantments.
   It makes you less stealthy.
 G - the ring "Geenaup" (left hand) {+Inv MR++ MP+9 Dex+4, =R}
   (You bought it in a shop in a bazaar)

   [ring of magical power]

   It affects your dexterity (+4).
   It affects your resistance to hostile enchantments.
   It affects your magic capacity (+9).
   It lets you turn invisible.
 P - an uncursed ring of resist corrosion
 Y - the amulet "Domemom" (around neck) {Spirit rElec Int+3}
   (You took it off a deep elf master archer on level 3 of the Elven Halls)

   [amulet of guardian spirit]

   It causes incoming damage to be split between your health and magic.
   It affects your intelligence (+3).
   It insulates you from electricity.
Wands
 F - a wand of paralysis (43)
 L - a wand of iceblast (37)
 M - a wand of acid (33)
Scrolls
 i - 5 scrolls of vulnerability
 j - 11 scrolls of fear
 m - 27 scrolls of remove curse
 q - 26 scrolls of teleportation
 x - 12 scrolls of fog
 C - 24 scrolls of identify
 O - 6 scrolls of immolation
 Q - 3 scrolls of magic mapping
 U - 4 scrolls of summoning
 V - 8 scrolls of blinking
 W - 2 scrolls of holy word
 Z - 5 scrolls of silence
Potions
 c - 3 potions of agility
 d - 7 potions of might
 g - 27 potions of curing
 h - a potion of magic
 l - 11 potions of heal wounds
 u - 12 potions of haste
 z - 9 potions of cancellation
 B - 6 potions of ambrosia
 I - 4 potions of berserk rage
 J - 10 potions of lignification
 T - 8 potions of brilliance
 X - 3 potions of resistance
Miscellaneous
 o - 2 boxes of beasts
 r - a sack of spiders
 s - a lamp of fire
 A - 2 phantom mirrors
 R - a lamp of fire
 S - a lamp of fire
Comestibles
 f - 85 rations


   Skills:
 + Level 26.0 Fighting
 - Level 16.0 Long Blades
 - Level 14.0 Slings
 - Level 23.0 Armour
 - Level 18.0 Dodging
 - Level 25.0 Shields
 - Level 12.0 Spellcasting
 + Level 10.7 Hexes
 - Level 6.0 Charms
 + Level 11.4 Summonings
 - Level 6.0 Translocations
 - Level 12.2 Invocations
 - Level 8.0 Evocations


You had 38 spell levels left.
You knew the following spells:

 Your Spells              Type           Power        Failure   Level  Hunger
a - Spectral Weapon       Hex/Chrm       ###.....     1%          3    None
b - Summon Butterflies    Summ           ####....     1%          1    None
d - Summon Mana Viper     Hex/Summ       ####....     3%          5    ####...
e - Apportation           Tloc           ###...       1%          1    None
z - Blink                 Tloc           N/A          1%          2    None

Your spell library contained the following spells:

 Spells                   Type           Power        Failure   Level  Hunger
 Corona                   Hex            ####...      1%          1    None
 Infusion                 Chrm           ###.         1%          1    None
 Summon Small Mammal      Summ           ####         1%          1    None
 Call Imp                 Summ           ####....     1%          2    None
 Ensorcelled Hibernation  Hex/Ice        ###...       1%          2    None
 Shroud of Golubria       Chrm/Tloc      ###...       1%          2    None
 Slow                     Hex            ####....     1%          2    None
 Song of Slaying          Chrm           ###.....     1%          2    None
 Call Canine Familiar     Summ           ####....     1%          3    None
 Confuse                  Hex            ####....     1%          3    None
 Portal Projectile        Hex/Tloc       ###...       1%          3    None
 Recall                   Summ/Tloc      N/A          1%          3    None
 Summon Guardian Golem    Hex/Summ       ####....     1%          3    None
 Tukima's Dance           Hex            ####....     1%          3    None
 Gell's Gravitas          Tloc           ###.......   3%          3    None
 Lesser Beckoning         Tloc           ###.......   3%          3    None
 Teleport Other           Tloc           ###.....     3%          3    None
 Aura of Abjuration       Summ           ####......   3%          5    ####...
 Summon Demon             Summ           ####......   3%          5    ####...
 Dazzling Spray           Conj/Hex       ###...       4%          3    None
 Inner Flame              Hex/Fire       ###.....     4%          3    None
 Swiftness                Chrm/Air       ##......     6%          2    None
 Summon Forest            Summ/Tloc      ###.......   13%         5    ####...
 Ozocubu's Armour         Chrm/Ice       ##......     14%         3    None
 Regeneration             Chrm/Necr      ##........   14%         3    None
 Animate Skeleton         Necr           N/A          16%         1    None
 Flame Tongue             Conj/Fire      #....        16%         1    None
 Freeze                   Ice            #...         16%         1    None
 Magic Dart               Conj           #...         16%         1    None
 Pain                     Necr           #...         16%         1    None
 Shock                    Conj/Air       #...         16%         1    None
 Summon Ice Beast         Ice/Summ       ###.....     16%         4    ##.....
 Summon Lightning Spire   Summ/Air       ###.....     16%         4    ##.....
 Fulminant Prism          Conj/Hex       ###.......   19%         4    ##.....
 Leda's Liquefaction      Hex/Erth       ###.......   19%         4    ##.....
 Shadow Creatures         Summ           N/A          24%         6    ######.
 Corpse Rot               Necr           N/A          26%         2    None
 Passwall                 Tmut/Erth      #.......     26%         2    None
 Searing Ray              Conj           #.....       26%         2    None
 Sublimation of Blood     Necr           #.........   26%         2    None
 Throw Flame              Conj/Fire      #.....       26%         2    None
 Throw Frost              Conj/Ice       #.....       26%         2    None
 Darkness                 Hex            ####......   32%         6    ######.
 Invisibility             Hex            ####....     32%         6    ######.
 Force Lance              Conj/Tloc      ##......     47%         4    ##.....
 Conjure Flame            Conj/Fire      #.......     50%         3    None
 Ignite Poison            Fire/Tmut/Pois #.......     50%         3    None
 Mephitic Cloud           Conj/Pois/Air  #.......     50%         3    None
 Static Discharge         Conj/Air       #.......     50%         3    None
 Vampiric Draining        Necr           #.........   50%         3    None
 Metabolic Englaciation   Hex/Ice        ###.......   50%         5    ####...
 Silence                  Hex/Air        ###.......   50%         5    ####...
 Excruciating Wounds      Chrm/Necr      ##........   85%         5    ####...
 Monstrous Menagerie      Summ           ####......   85%         7    #######
 Summon Greater Demon     Summ           ####......   85%         7    #######
 Airstrike                Air            #.........   90%         4    ##.....
 Animate Dead             Necr           N/A          90%         4    ##.....
 Iskenderun's Mystic Bla  Conj           #.......     90%         4    ##.....
 Petrify                  Tmut/Erth      #.......     90%         4    ##.....
 Sticky Flame             Conj/Fire      #.......     90%         4    ##.....
 Throw Icicle             Conj/Ice       #.......     90%         4    ##.....
 Agony                    Necr           #.......     99%         5    ####...
 Alistair's Intoxication  Tmut/Pois      #.......     99%         5    ####...
 Bolt of Draining         Conj/Necr      #.........   99%         5    ####...
 Bolt of Magma            Conj/Fire/Erth #.........   99%         5    ####...
 Borgnjor's Vile Clutch   Necr/Erth      #.........   99%         5    ####...
 Dispel Undead            Necr           #.......     99%         5    ####...
 Fireball                 Conj/Fire      #.........   99%         5    ####...
 Irradiate                Conj/Tmut      #.........   99%         5    ####...
 Lee's Rapid Deconstruct  Erth           #.........   99%         5    ####...
 Lightning Bolt           Conj/Air       #.........   99%         5    ####...
 Malign Gateway           Summ/Tloc      ###.......   99%         7    #######
 Conjure Ball Lightning   Conj/Air       #.........   100%        6    ######.
 Death Channel            Necr           #.........   100%        6    ######.
 Deflect Missiles         Chrm/Air       ##........   100%        6    ######.
 Freezing Cloud           Conj/Ice/Air   #.........   100%        6    ######.
 Iron Shot                Conj/Erth      #.........   100%        6    ######.
 Simulacrum               Ice/Necr       #.........   100%        6    ######.
 Statue Form              Tmut/Erth      #........    100%        6    ######.
 Infestation              Necr           #.........   100%        8    #######
 Summon Horrible Things   Summ           ####......   100%        8    #######
 Shatter                  Erth           #.........   100%        9    #######
 Tornado                  Air            #.........   100%        9    #######
 Passage of Golubria      Tloc           Unusable     N/A         4    N/A

Dungeon Overview and Level Annotations

Branches:
Dungeon (15/15)            Temple (1/1) D:4            Lair (6/6) D:11
 Shoals (4/4) Lair:3        Snake (4/4) Lair:2        Slime (5/5) Lair:6
    Orc (2/2) D:9             Elf (3/3) Orc:2        Vaults (5/5) D:13
  Crypt (3/3) Vaults:2       Tomb (0/3) Crypt:3      Depths (5/5) D:15
   Hell (visited)             Dis (0/7) Hell            Geh (7/7) Hell
    Coc (0/7) Hell            Tar (0/7) Hell            Zot (5/5) Depths:5
 Bailey (visited)         Gauntlet (visited)

Altars:
Ashenzari
Elyvilon
Fedhas
Gozag
Hepliaklqana
Kikubaaqudgha
Makhleb
Okawaru
Ru
Sif Muna
Trog
Uskayaw
Wu Jian
Zin
The Shining One
Beogh
Jiyva

Shops:
D:8 =   D:9 }   D:11 :   Orc:2 (=[*   Elf:1 }   Elf:2 [   Shoals:4 [
Snake:2 =}=   Snake:3 *   Vaults:2 [   Vaults:3 [   Vaults:4 ?[*?:
Depths:2 [*[   Depths:5 :%(:%

Portals:
Hell: Depths:1 Depths:2 Depths:3 Depths:4 Depths:5
Abyss: Depths:4
Pandemonium: Depths:2 Depths:3
Ziggurat: Depths:4
Trove: D:11 (give 14 potions of heal wounds)

Annotations:
D:2 1 exclusion
D:14 Roxanne
D:15 exclusion: upstairs
Lair:1 exclusion: oklob plant


Innate Abilities, Weirdness & Mutations

You are partially covered in large bone plates. (SH +4)
You often lose your temper in combat.
You are very clumsy. (Dex -4)
Armour fits poorly on your strangely shaped body.
Your body often deteriorates upon taking damage.
Your flesh is heat resistant. (rF+)
You are extremely frail. (-30% HP)
Your magical capacity is low. (-10% MP)
You occasionally shout uncontrollably at your foes.
You are very weak. (Str -4)
Potions are less effective at restoring your health.
Your spells are much easier to cast, but much less powerful.


Message History

You slice Osunyd!! You freeze Osunyd.
Osunyd is almost dead.
Osunyd conjures a glowing orb.
The wavering orb of destruction weakly hits you!!
Your angel hits Osunyd with a +1 whip of holy wrath!!
Osunyd convulses!
Your angel hits Osunyd with a +1 whip of holy wrath.
Osunyd dies!
The Shining One accepts your kill.
The Shining One blesses your angel with more time in this world.
Your hearing returns. 2 angels and a seraph come into view.
The seraph is wielding a +8 great sword of flaming.
An angel is wielding a +1 whip of holy wrath.
An angel is wielding a +3 whip of holy wrath.
There is an open door here.
The angel shouts! x2
The seraph gestures.
The seraph begins to accept its allies' injuries.
There is a staircase leading out of the dungeon here.
The seraph shouts a warning to its allies!
You have escaped!

################
#..............# #
##.########.....####
#..@.# #.........
#..A.# #....##...
###'#'## #######...
#...#..####### #...
#A.A##..##...########
#...##.........##....
#.A.###........##....
#...# ###.....###....
#...# ####### ###..


You could see a seraph, 2 angels and a friendly angel.

Vanquished Creatures
  Asmodeus (Geh:7)
  the Royal Jelly (Slime:5)
  2 pandemonium lords
  Mennas (Crypt:3)
  7 orbs of fire
  7 ancient liches
  A juggernaut (Depths:3)
  The ghost of AgonHex the Hoplite, a veteran HOFi of Qazlal (Vaults:3)
  3 Killer Klowns
  Xtahua (Crypt:3)
  2 caustic shrikes (Depths:3)
  3 curse toes
  11 golden dragons
  Geryon (Hell)
  Nikola (Snake:1)
  3 bone dragons
  2 electric golems
  12 Brimstone Fiends
  14 tentacled monstrosities
  6 liches
  2 deep elf master archers (Elf:3)
  Rupert (D:14)
  25 Orb Guardians
  2 deep elf blademasters (Elf:3)
  6 titans
  6 quicksilver dragons
  5 Executioners
  18 acid blobs
  An acid blob (shapeshifter) (Vaults:5)
  A kraken (Shoals:2)
  7 sphinxes
  6 tentacled starspawn
  7 death cobs
  3 ancient champions
  13 shadow dragons
  Kirke (D:13)
  7 azure jellies
  4 draconian monks
  8 storm dragons
  2 daevas (Depths:2)
  9 nagarajas
  6 tengu reavers
  6 revenants
  16 fire giants
  19 balrugs
  3 deep elf sorcerers
  An orc warlord (Vaults:1)
  10 frost giants
  7 draconian knights
  12 vault wardens
  A caustic shrike zombie (Depths:3)
  6 draconian scorchers
  2 ghost moths
  2 iron dragons (Vaults:5)
  5 ghouls
  A cacodemon (Abyss:2)
  6 deep elf elementalists
  An angel (Abyss:4)
  7 draconian annihilators
  3 draconian shifters
  11 ironheart preservers
  A juggernaut zombie (Depths:4)
  4 draconian stormcallers
  3 curse skulls
  20 very ugly things
  7 reapers
  16 stone giants
  10 vampire knights
  A juggernaut skeleton (Depths:4)
  3 war gargoyles
  3 entropy weavers
  2 lorocyprocas
  6 dire elephants (Lair:6)
  9 green draconians
  Nessos (D:15)
  14 black draconians
  5 deep elf demonologists
  6 deep elf annihilators
  11 yellow draconians
  6 spark wasps (Depths:4)
  A minotaur (Gauntlet)
  Azrael (D:14)
  10 white draconians
  8 purple draconians
  7 eidola
  9 red draconians
  5 merfolk javelineers (Shoals:4)
  4 blizzard demons
  A crystal guardian (Abyss:4)
  15 deep elf death magi
  3 green deaths (Hell)
  7 merfolk impalers
  13 ettins
  2 quicksilver dragon zombies
  15 great orbs of eyes
  11 death oozes
  A great orb of eyes (shapeshifter) (Abyss:4)
  A spectral golden dragon (Crypt:3)
  13 fire dragons
  6 deep elf high priests
  19 yaktaur captains
  14 ogre magi
  Josephine (D:15)
  21 jiangshi
  31 vault guards
  12 rakshasas
  3 hydras
  19 naga warriors
  5 spriggan air magi
  20 ice dragons
  A quicksilver dragon skeleton (Geh:7)
  A merfolk avatar (Shoals:3)
  2 alligator snapping turtles
  6 death knights
  12 anacondas
  15 centaur warriors
  3 satyrs (Shoals:4)
  3 merfolk aquamancers (Shoals:1)
  27 dancing weapons
  An alligator (shapeshifter) (Abyss:4)
  42 two-headed ogres
  13 deep troll shamans
  20 hell hogs
  14 naga sharpshooters
  12 death yaks
  4 orc high priests
  9 tengu warriors
  13 shock serpents
  5 spriggan berserkers
  14 vampire magi
  16 deep elf knights
  11 deep troll earth magi
  26 sun demons
  17 thrashing horrors
  5 storm dragon zombies
  2 titan zombies (Geh:7)
  7 soul eaters
  38 hell knights
  A shock serpent (shapeshifter) (Depths:4)
  3 iron golems
  30 skeletal warriors
  19 shadow wraiths
  9 wretched stars
  A fire crab (shapeshifter) (Abyss:4)
  4 iron trolls
  6 spatial maelstroms
  A quicksilver dragon simulacrum (Crypt:1)
  8 sixfirhies
  13 unseen horrors
  3 titan skeletons
  38 deep trolls
  A gelid demonspawn (Depths:3)
  12 starcursed masses
  3 cherubim (Depths:2)
  A swamp dragon (shapeshifter) (D:15)
  15 flayed ghosts
  A death drake (shapeshifter) (Abyss:4)
  6 wizards
  7 sea snakes
  3 anaconda zombies
  An orange crystal statue (Elf:2)
  12 glowing orange brains
  9 naga ritualists
  A death drake (Abyss:4)
  2 golden dragon skeletons
  An infernal demonspawn (Depths:3)
  3 shadow dragon zombies
  16 necromancers
  2 spectral hydras (Crypt:3)
  2 glowing orange brains (shapeshifter)
  34 phantasmal warriors
  A lindwurm (shapeshifter) (Vaults:4)
  20 ironbrand convokers
  14 harpies
  A wolf spider zombie (Geh:1)
  Pikel (D:5)
  9 deep elf archers
  2 wolf spiders
  3 iron dragon zombies
  A stone giant zombie (Geh:7)
  46 deep elf magi
  6 mana vipers
  13 manticores
  12 orc knights
  A shadow dragon skeleton (Crypt:1)
  3 orc sorcerers
  2 fire giant zombies
  6 shining eyes
  37 ugly things
  23 fauns
  A moth of wrath (shapeshifter) (Vaults:1)
  4 frost giant zombies
  9 salamanders
  4 worldbinders
  Maurice (D:8)
  2 frost giant skeletons
  An iron dragon skeleton (Geh:7)
  A sphinx skeleton (Depths:3)
  3 ice statues
  A spriggan zombie (Depths:4)
  4 merfolk sirens
  12 cyclopes
  15 moths of wrath
  An elephant (shapeshifter) (Depths:4)
  8 elephants
  A fire giant skeleton (Geh:1)
  30 black mambas
  3 guardian serpents (shapeshifter)
  12 molten gargoyles
  3 stone giant skeletons
  Psyche (D:8)
  17 guardian serpents
  15 vault sentinels
  7 eyes of devastation
  9 rust devils
  11 smoke demons
  A shock serpent skeleton (Geh:1)
  10 spiny frogs
  3 dire elephant skeletons
  An elephant slug zombie (Crypt:1)
  19 naga magi
  5 orange demons
  12 hellions
  5 water nymphs
  2 gargoyles (D:15)
  3 spiny frogs (shapeshifter)
  5 spectral swamp worms
  6 efreet
  4 rime drakes
  A swamp worm zombie (Crypt:1)
  3 rime drakes (shapeshifter)
  A yaktaur (shapeshifter) (Vaults:4)
  33 yaktaurs
  31 freezing wraiths
  7 komodo dragons
  An emperor scorpion zombie (Geh:7)
  4 hellwings
  6 tengu conjurers
  A demonic crawler (Abyss:2)
  4 tormentors
  2 golden dragon simulacra (Crypt:1)
  5 guardian mummies (Crypt:3)
  A yaktaur skeleton (Vaults:2)
  A harpy zombie (Crypt:1)
  23 red devils
  A yellow draconian skeleton (Geh:7)
  2 polar bears
  A hydra zombie (Hell)
  3 jumping spiders (Vaults:1)
  7 ancient zymes
  4 hornets
  A tyrant leech (shapeshifter) (Depths:2)
  14 trolls
  Grinder (D:4)
  39 merfolk
  5 blink frogs (Lair:5)
  A shadow dragon simulacrum (Crypt:1)
  9 wind drakes
  A polar bear (shapeshifter) (D:14)
  A bog body (Crypt:2)
  15 dream sheep
  84 slime creatures
  14 snapping turtles
  A hydra skeleton (Crypt:1)
  A harpy skeleton (Geh:7)
  A dream sheep (shapeshifter) (Vaults:5)
  29 raiju
  11 hippogriffs
  An alligator zombie (Hell)
  An ettin zombie (Geh:7)
  2 fire giant simulacra (Crypt:1)
  2 stone giant simulacra
  Sigmund (D:5)
  A guardian serpent zombie (Crypt:2)
  40 flying skulls
  An iron dragon simulacrum (Crypt:1)
  A tarantella (Vaults:1)
  18 shadows
  4 air elementals
  3 redbacks
  A vampire (D:11)
  An ice dragon skeleton (Geh:1)
  15 ynoxinuls
  15 water elementals
  5 fire dragon skeletons
  4 spriggans
  43 wraiths
  A dire elephant simulacrum (Crypt:1)
  5 ettin skeletons
  A satyr skeleton (Crypt:2)
  68 yaks
  A hog (D:13)
  A human (shapeshifter) (Abyss:3)
  3 yaks (shapeshifter)
  A black mamba skeleton (Crypt:1)
  28 fire elementals
  A golden eye (shapeshifter) (Elf:3)
  9 hungry ghosts
  3 vampire mosquitoes (D:15)
  3 wyverns
  5 basilisks
  9 neqoxecs
  2 water nymph zombies
  9 chaos spawn
  4 steam dragons
  A merfolk zombie (Geh:3)
  A spatial vortex (Abyss:1)
  A soldier ant (shapeshifter) (Vaults:1)
  30 large abominations
  7 wargs
  3 acid dragons
  63 nagas
  2 hydra simulacra (Crypt:1)
  18 water moccasins
  14 porcupines
  26 hell hounds
  45 orc warriors
  A deep troll skeleton (Crypt:3)
  An ice beast (shapeshifter) (Depths:3)
  5 black bears
  A hornet zombie (D:14)
  A snapping turtle zombie (Geh:1)
  3 ice beasts
  7 phantoms
  5 sky beasts
  7 eyes of draining
  A spiny frog skeleton (Geh:1)
  An eye of draining (shapeshifter) (D:15)
  11 necrophages
  2 slaves (D:4)
  2 ice dragon simulacra (Crypt:1)
  An ettin simulacrum (Crypt:1)
  45 ogres
  24 wolves
  14 boggarts
  29 centaurs
  3 elf skeletons
  A swamp dragon skeleton (Geh:7)
  34 small abominations
  An orc skeleton (Vaults:2)
  13 crocodiles
  A komodo dragon zombie (Crypt:2)
  15 bullfrogs
  A big kobold (D:13)
  6 elf zombies
  A bullfrog (shapeshifter) (Abyss:3)
  5 earth elementals
  3 human skeletons (Vaults:2)
  A draconian skeleton (Crypt:3)
  A water moccasin skeleton (Crypt:3)
  3 scorpions
  A warg zombie (Crypt:2)
  3 snapping turtle simulacra (Crypt:1)
  A manticore simulacrum (Crypt:1)
  8 killer bees
  32 wights
  2 electric eels
  4 howler monkeys
  5 crimson imps
  A bullfrog zombie (D:5)
  3 centaur zombies
  6 quasits
  A wyvern simulacrum (D:10)
  8 hounds
  2 black bear zombies (Crypt:2)
  6 jellies
  5 centaur skeletons
  29 orc priests
  An iron imp (Abyss:1)
  A bullfrog skeleton (D:8)
  4 iguanas
  6 hell rats
  27 orc wizards
  6 worker ants
  A killer bee zombie (D:10)
  A felid skeleton (Crypt:1)
  A naga skeleton (Crypt:1)
  2 human simulacra (Crypt:1)
  2 hound zombies (D:9)
  2 hound skeletons
  7 mummies (Crypt:3)
  A worker ant zombie (D:5)
  A howler monkey skeleton (Crypt:1)
  13 adders
  8 river rats (Lair:6)
  4 shadow imps
  5 white imps
  A worker ant simulacrum (D:10)
  3 ufetubi
  A halfling zombie (Crypt:3)
  A lava snake zombie (Crypt:3)
  An adder skeleton (D:4)
  A barachi zombie (Crypt:2)
  A dart slug (D:2)
  5 leopard geckos
  128 orcs
  9 bats
  5 bat skeletons
  3 bat zombies (D:7)
  4 giant cockroaches
  8 goblins
  6 hobgoblins
  12 jackals
  12 kobolds
  6 quokkas
  7 frilled lizards
  A gnoll skeleton (Crypt:1)
  A quokka skeleton (D:6)
  2 quokka zombies
  8 rats
  A rat zombie (Crypt:3)
  A river rat skeleton (Crypt:2)
  A bush (Lair:5)
  5 crawling corpses (Vaults:5)
  2 fire vortices (Geh:3)
  A lurking horror (Abyss:1)
  7 plants
  6 starspawn tentacles
  5 tentacles (Shoals:2)
3414 creatures vanquished.

Vanquished Creatures (collateral kills)
  A pandemonium lord (D:1)
  A tentacled monstrosity (Vaults:5)
  The ghost of scherben the Peltast, an adept HuFi of the Shining One (Vaults:3)
  Asterion (Snake:2)
  Frances (D:13)
  A storm dragon (Vaults:5)
  A fire giant (Vaults:5)
  An iron dragon (Depths:3)
  An orc warlord (Orc:2)
  A vault warden (Vaults:4)
  A draconian shifter (Zot:3)
  An entropy weaver (shapeshifter) (Depths:3)
  A reaper (Crypt:2)
  A yellow draconian (Zot:4)
  A crystal guardian (Vaults:5)
  A deep elf death mage (Crypt:2)
  A deep elf high priest (Vaults:5)
  3 yaktaur captains
  A merfolk impaler (Shoals:4)
  A two-headed ogre (Vaults:5)
  2 vampire magi (Crypt:2)
  An orc high priest (Orc:2)
  A skeletal warrior (Crypt:2)
  A glowing orange brain (Depths:3)
  A flayed ghost (Crypt:2)
  A phantasmal warrior (Crypt:2)
  A necromancer (Depths:3)
  2 orc knights (Orc:2)
  2 orc sorcerers (Orc:2)
  A cyclops (Shoals:4)
  2 fauns (Shoals:4)
  A merfolk siren (Shoals:4)
  A black mamba (Snake:2)
  A naga mage (Snake:2)
  A smoke demon (Abyss:4)
  An efreet (Abyss:4)
  2 yaktaurs (Vaults:4)
  A freezing wraith (Vaults:5)
  An ancient zyme (Abyss:4)
  A merfolk (Shoals:4)
  A wind drake (Shoals:4)
  A slime creature (Slime:5)
  A hippogriff (shapeshifter) (Vaults:5)
  2 snapping turtles (Shoals:4)
  A shadow (Crypt:2)
  A wraith (Crypt:2)
  A chaos spawn (Zot:1)
  2 nagas (Snake:2)
  A spiny frog zombie (Crypt:2)
  A small abomination (Zot:1)
  12 orc warriors (Orc:2)
  An ogre (Vaults:5)
  A centaur (Shoals:4)
  4 orc priests (Orc:2)
  5 orc wizards (Orc:2)
  9 orcs
91 creatures vanquished.

Vanquished Creatures (others)
  A shadow dragon (Zot:3)
  A deep elf elementalist (Elf:3)
  An ironheart preserver (Vaults:5)
  A yaktaur captain (Vaults:5)
  A naga warrior (Snake:2)
  An ice dragon (Depths:5)
  A deep troll earth mage (Depths:2)
  2 sun demons
  2 deep elf magi (Elf:2)
  A manticore (Shoals:4)
  2 black mambas (Snake:2)
  A hellwing (D:1)
  2 hornets (Vaults:4)
  A slime creature (Slime:4)
  A flying skull (Geh:6)
  A wraith (Geh:2)
  A human (D:13)
  5 nagas
  A boggart (Depths:4)
  An ogre (Vaults:5)
  4 wights (Geh:1)
  A human zombie (Geh:7)
  A white imp (Hell)
  An ufetubus (Abyss:2)
  A bush (D:11)
  10 fungi
  5 lurking horrors
  44 plants
  7 spectral weapons
  11 starspawn tentacles
  3 tentacles (Shoals:2)
116 creatures vanquished.

Grand Total: 3621 creatures vanquished

Notes
Turn   | Place    | Note
-------+----------+-------------------------------------------
     0 | D:1      | scherben the Human Fighter began the quest for the Orb.
     0 | D:1      | Reached XP level 1. HP: 18/18 MP: 1/1
   160 | D:1      | Reached XP level 2. HP: 24/24 MP: 2/2
   693 | D:2      | Reached XP level 3. HP: 29/29 MP: 3/3
   766 | D:2      | Noticed a black bear
   829 | D:2      | Killed a black bear
   829 | D:2      | Reached skill level 5 in Long Blades
   829 | D:2      | Reached XP level 4. HP: 26/35 MP: 4/4
   829 | D:2      | Reached XP level 5. HP: 31/41 MP: 5/5
  1215 | D:2      | Found a glowing silver altar of Zin.
  1219 | D:2      | Became a worshipper of Zin the Law-Giver
  1805 | D:3      | Reached * piety under Zin
  2661 | D:4      | Found a staircase to the Ecumenical Temple.
  2667 | Temple   | Entered the Ecumenical Temple
  2685 | Temple   | Fell from the grace of Zin
  2685 | Temple   | Became a worshipper of the Shining One
  2707 | D:4      | Found a burning altar of Makhleb.
  2707 | D:4      | Noticed a balrug
  2713 | D:4      | Got an encrusted ring mail
  2769 | D:4      | Reached XP level 6. HP: 44/47 MP: 6/6
  2808 | D:4      | Noticed Grinder
  2810 | D:4      | Noticed an ogre
  2971 | D:4      | Paralysed by Grinder for 7 turns
  2979 | D:4      | Paralysed by Grinder for 3 turns
  2983 | D:4      | Paralysed by Grinder for 6 turns
  2991 | D:4      | Killed Grinder
  2991 | D:4      | Reached XP level 7. HP: 10/52 MP: 7/7
  3620 | D:4      | Found an ornate altar of the Wu Jian Council.
  3886 | D:5      | Entered Level 5 of the Dungeon
  3917 | D:5      | Noticed Sigmund
  3958 | D:5      | Noticed Pikel
  4094 | D:5      | Reached * piety under the Shining One
  4143 | D:5      | Killed Sigmund
  4143 | D:5      | Reached XP level 8. HP: 44/58 MP: 8/8
  4484 | D:5      | Found a hazy altar of Hepliaklqana.
  4939 | D:5      | Reached skill level 5 in Armour
  5065 | D:5      | Killed Pikel
  5065 | D:5      | Reached skill level 5 in Shields
  5065 | D:5      | Reached XP level 9. HP: 55/63 MP: 9/9
  6438 | D:6      | Identified the +3 ring mail of Teeruhol {rN+ Str+2 Stlth+}
  6499 | D:5      | Identified the +3 ring mail of the Volcano {Dex+4} (You
                  | found it on level 4 of the Dungeon)
  6578 | D:6      | Noticed a two-headed ogre
  6594 | D:6      | Killed a two-headed ogre
  6594 | D:6      | Reached skill level 10 in Long Blades
  6594 | D:6      | Reached skill level 1 in Dodging
  6594 | D:6      | Reached XP level 10. HP: 70/70 MP: 10/10
  6655 | D:6      | Found a bloodstained altar of Trog.
  7006 | D:7      | Found a white marble altar of Elyvilon.
  7679 | D:7      | Paralysed by a hornet for 1 turns
  7684 | D:7      | Paralysed by a hornet for 3 turns
  7692 | D:7      | Paralysed by a hornet for 2 turns
  7999 | D:7      | Reached ** piety under the Shining One
  8326 | D:7      | Found an ancient bone altar of Kikubaaqudgha.
  8602 | D:8      | Noticed Maurice
  8614 | D:8      | Killed Maurice
  8693 | D:8      | Found Buol's Jewellery Shop.
  8715 | D:8      | Found a shattered altar of Ashenzari.
  8944 | D:8      | Noticed Psyche
  8956 | D:8      | Killed Psyche
  9173 | D:8      | Reached XP level 11. HP: 75/75 MP: 11/11
  9466 | D:9      | Noticed a two-headed ogre
  9488 | D:9      | Killed a two-headed ogre
  9509 | D:9      | Reached *** piety under the Shining One
  9795 | D:9      | Reached skill level 5 in Dodging
  9818 | D:9      | Reached skill level 1 in Invocations
  9846 | D:9      | Found a staircase to the Orcish Mines.
  9943 | D:9      | Found a roughly hewn altar of Beogh.
 10279 | D:9      | Found Wurghoyd's Gadget Emporium.
 10284 | D:9      | Bought a wand of iceblast (7) for 143 gold pieces
 10362 | D:10     | Entered Level 10 of the Dungeon
 10576 | D:10     | Found a flagged portal.
 10583 | Bailey   | Entered a bailey
 11206 | Bailey   | Reached **** piety under the Shining One
 11249 | Bailey   | Reached XP level 12. HP: 69/81 MP: 15/15
 11351 | Bailey   | Reached skill level 5 in Invocations
 12434 | D:11     | Found a staircase to the Lair.
 12621 | D:11     | Noticed an eight-headed hydra
 13068 | D:11     | Found Qaurih's Book Shoppe.
 13257 | D:11     | You fall into a shaft and drop 1 floor!
 13663 | D:12     | Reached skill level 10 in Armour
 14507 | D:11     | Found a portal to a secret trove of treasure.
 14902 | Lair:1   | Entered Level 1 of the Lair of Beasts
 14916 | Lair:1   | Reached XP level 13. HP: 83/86 MP: 19/19
 15080 | Lair:1   | Found a gate leading to a gauntlet.
 15089 | Gauntlet | Entered a Gauntlet
 15089 | Gauntlet | Found a transporter.
 15089 | Gauntlet | Found a transporter.
 15089 | Gauntlet | Found a transporter.
 15090 | Gauntlet | Found a transporter.
 15091 | Gauntlet | Found a transporter.
 15094 | Gauntlet | Found a transporter.
 15099 | Gauntlet | Reached ***** piety under the Shining One
 15103 | Gauntlet | Found a transporter.
 15103 | Gauntlet | Found a transporter.
 15104 | Gauntlet | Found a transporter.
 15105 | Gauntlet | Found a transporter.
 15114 | Gauntlet | Found a transporter.
 15114 | Gauntlet | Found a transporter.
 15114 | Gauntlet | Noticed a hell beast
 15510 | Gauntlet | Got a fine iron ring
 15512 | Gauntlet | Identified the ring of Kikubaaqudgha's Scorn {rElec rN+
                  | Str+3 SInv} (You found it in a Gauntlet)
 15704 | Gauntlet | Got a warped granite ring
 15706 | Gauntlet | Identified the ring "Uxesch" {rF++ MR- Dex+7 Stlth-} (You
                  | found it in a Gauntlet)
 15742 | Gauntlet | Identified the amulet of the Prince {RegenMP rPois}
 15742 | Gauntlet | Noticed a minotaur
 15759 | Gauntlet | Killed a minotaur
 15773 | Gauntlet | Identified Hegoj's Reference Book on Arcane Weapons and
                  | Snow
 16399 | Lair:2   | Reached skill level 10 in Invocations
 16942 | Lair:2   | Found a staircase to the Snake Pit.
 17241 | Lair:3   | Noticed a four-headed hydra
 17259 | Lair:3   | Killed a four-headed hydra
 17630 | Lair:3   | Reached skill level 15 in Long Blades
 17640 | Lair:3   | Reached XP level 14. HP: 84/93 MP: 22/22
 18464 | Lair:3   | Found a staircase to the Shoals.
 18991 | Lair:4   | You fall into a shaft and drop 2 floors!
 18991 | Lair:6   | Entered Level 6 of the Lair of Beasts
 19786 | Lair:5   | Identified 2 scrolls of acquirement
 19788 | Lair:5   | Got a translucent double sword
 19789 | Lair:5   | Identified the +8 double sword "Xedetaun" {freeze, rC+++
                  | Str+7 Int-2 Stlth+} (You acquired it on level 5 of the Lair
                  | of Beasts)
 20912 | Lair:6   | Reached skill level 4 in Fighting
 21034 | Lair:6   | Reached ****** piety under the Shining One
 21353 | Lair:6   | Found a viscous altar of Jiyva.
 21354 | Lair:6   | Found a staircase to the Slime Pits.
 21391 | Lair:6   | Reached skill level 1 in Slings
 21403 | Lair:6   | Reached XP level 15. HP: 60/100 MP: 24/24
 22383 | Orc:1    | Entered Level 1 of the Orcish Mines
 22405 | Orc:1    | You fall into a shaft and drop 1 floor!
 22405 | Orc:2    | Entered Level 2 of the Orcish Mines
 22464 | Orc:2    | Found a staircase to the Elven Halls.
 22481 | Orc:2    | Found Ysadaitz's Antique Armour Emporium.
 22481 | Orc:2    | Found Gainud's Antique Weapon Shoppe.
 22483 | Orc:2    | Found Diripuuc's General Store.
 22483 | Orc:2    | Found Qintonuh's Jewellery Emporium.
 22665 | Orc:2    | Reached skill level 5 in Fighting
 22704 | Orc:2    | Noticed an orc warlord
 22716 | Orc:2    | Killed an orc warlord
 23636 | Orc:2    | Bought 4 curare-tipped darts for 36 gold pieces
 23769 | Orc:1    | You fall into a shaft and drop 1 floor!
 23785 | Orc:1    | Reached skill level 5 in Slings
 24480 | Orc:1    | You fall into a shaft and drop 1 floor!
 24596 | Orc:2    | Bought a glowing helmet for 202 gold pieces
 24596 | Orc:2    | Bought a runed plate armour for 702 gold pieces
 24617 | Orc:2    | Bought an ancient hunting sling for 247 gold pieces
 24617 | Orc:2    | Identified the cursed +0 hunting sling "Meokloph" {flame,
                  | +Fly rN+ MR++ Int-2} (You bought it in a shop on level 2 of
                  | the Orcish Mines)
 24965 | D:13     | Noticed Frances
 25008 | D:13     | Killed Frances
 25008 | D:13     | Reached skill level 6 in Fighting
 25408 | D:13     | Found a gate to the Vaults.
 25557 | D:13     | Noticed Kirke
 25583 | D:13     | Killed Kirke
 25583 | D:13     | Reached skill level 10 in Shields
 25844 | D:14     | Reached skill level 7 in Fighting
 25860 | D:14     | Noticed Azrael
 25873 | D:14     | Killed Azrael
 25873 | D:14     | Reached XP level 16. HP: 115/115 MP: 25/25
 26009 | D:14     | Noticed Rupert
 26024 | D:14     | Killed Rupert
 26349 | D:14     | Noticed Roxanne
 26453 | D:14     | Reached skill level 8 in Fighting
 26876 | D:15     | Entered Level 15 of the Dungeon
 26925 | D:15     | Reached skill level 15 in Armour
 27107 | D:15     | Found an opulent altar of Gozag.
 27269 | D:15     | Noticed Josephine
 27277 | D:15     | Killed Josephine
 27277 | D:15     | Reached skill level 9 in Fighting
 27513 | D:15     | Found a staircase to the Depths.
 27575 | D:15     | Noticed Nessos
 27914 | D:15     | Killed Nessos
 28082 | D:8      | Bought an uncursed amulet of guardian spirit for 330 gold
                  | pieces
 28509 | D:15     | Reached skill level 10 in Fighting
 28513 | D:15     | Reached XP level 17. HP: 45/128 MP: 10/26
 29111 | Snake:1  | Entered Level 1 of the Snake Pit
 29455 | Snake:1  | Noticed Nikola
 29474 | Snake:1  | Killed Nikola
 30669 | Snake:2  | Found Zeorchuu's Gadget Emporium.
 30670 | Snake:2  | Found Masor's Jewellery Boutique.
 30670 | Snake:2  | Found Ywagh's Jewellery Boutique.
 30772 | Snake:2  | Found a flickering gateway to a bazaar.
 30779 | Snake:2  | Noticed Asterion
 30783 | Bazaar   | Entered a bazaar
 30797 | Bazaar   | Found Plog's Weapon Shoppe.
 30797 | Bazaar   | Found Gaweim's Antique Weapon Emporium.
 30818 | Bazaar   | Found Pekono's Weapon Emporium.
 30839 | Bazaar   | Found Ewargh's Weapon Shoppe.
 30839 | Bazaar   | Found Qadir's Jewellery Emporium.
 30880 | Bazaar   | Bought the ring "Geenaup" {+Inv MR++ MP+9 Dex+4} for 355
                  | gold pieces
 30886 | Bazaar   | Bought 4 silver javelins for 67 gold pieces
 30989 | Snake:2  | Reached skill level 11 in Fighting
 31019 | Snake:2  | Noticed an Executioner
 31030 | Snake:2  | Killed Asterion
 33174 | Snake:3  | Reached skill level 12 in Fighting
 33201 | Snake:3  | Reached XP level 18. HP: 119/140 MP: 27/27
 33240 | Snake:3  | Found Ugyl's General Store.
 33831 | Snake:4  | Entered Level 4 of the Snake Pit
 34228 | Snake:4  | Reached skill level 10 in Slings
 34701 | Snake:4  | Got a pair of warped gloves
 34712 | Snake:4  | Identified the +1 pair of gloves "Erufaick" {+Blink rN+
                  | Regen+} (You acquired it on level 4 of the Snake Pit)
 35261 | Snake:4  | Reached skill level 13 in Fighting
 35348 | Snake:4  | HP: 7/143 [poisoned by a nagaraja (splash of poison)]
 35986 | Snake:4  | Reached XP level 19. HP: 138/151 MP: 28/28
 36217 | Snake:4  | Got a serpentine rune of Zot
 36387 | Snake:4  | Got a pair of smoking gloves
 36398 | Snake:4  | Identified the +0 pair of gloves of Catatonia {rPois Int+4}
                  | (You acquired it on level 4 of the Snake Pit)
 36654 | Shoals:1 | Entered Level 1 of the Shoals
 36778 | Shoals:1 | Reached skill level 14 in Fighting
 36785 | Shoals:1 | Reached skill level 10 in Dodging
 39236 | Shoals:4 | Entered Level 4 of the Shoals
 39267 | Shoals:4 | Reached skill level 15 in Fighting
 39529 | Shoals:4 | Reached XP level 20. HP: 162/162 MP: 29/29
 39812 | Shoals:4 | Identified the Papyrus of the Oath
 39853 | Shoals:4 | Found Gate's Antique Armour Boutique.
 40456 | Shoals:4 | Got a barnacled rune of Zot
 40986 | Vaults:1 | Entered Level 1 of the Vaults
 42806 | Vaults:2 | Reached XP level 21. HP: 149/170 MP: 30/30
 42972 | Vaults:2 | Found Esihiph's Antique Armour Shoppe.
 42988 | Vaults:2 | Reached skill level 16 in Fighting
 43008 | Vaults:2 | Bought a glowing helmet for 202 gold pieces
 43589 | Vaults:2 | Reached skill level 15 in Shields
 44013 | Vaults:2 | Found a staircase to the Crypt.
 44578 | Vaults:3 | Found Aphier's Antique Armour Emporium.
 44608 | Vaults:3 | Found a runed translucent gate.
 44608 | Vaults:3 | Found a runed translucent gate.
 44608 | Vaults:3 | Found a runed translucent gate.
 44610 | Vaults:3 | Noticed scherben's ghost (adept HuFi)
 44610 | Vaults:3 | Noticed AgonHex's ghost (veteran HOFi)
 44625 | Vaults:3 | Killed scherben's ghost
 44652 | Vaults:3 | Killed AgonHex's ghost
 44659 | Vaults:3 | Got a steaming tin ring
 44661 | Vaults:3 | Identified the ring "Vitoakh" {Int+3 Stlth+} (You found it
                  | on level 3 of the Vaults)
 44936 | Vaults:3 | Reached XP level 22. HP: 178/180 MP: 31/31
 46074 | Elf:1    | Entered Level 1 of the Elven Halls
 46246 | Elf:1    | Reached skill level 17 in Fighting
 46381 | Elf:1    | Identified the Compendium of Dark Arts
 46588 | Elf:1    | Found Lulemn's Gadget Shoppe.
 47174 | Elf:2    | Found an ancient bone altar of Kikubaaqudgha.
 47403 | Elf:2    | Found Lumpobe's Antique Armour Shop.
 47577 | Elf:2    | Found a runed translucent gate.
 47577 | Elf:2    | Found a runed translucent gate.
 47577 | Elf:2    | Found a runed translucent gate.
 48150 | Elf:3    | Entered Level 3 of the Elven Halls
 48997 | Elf:3    | Reached XP level 23. HP: 188/188 MP: 32/32
 49037 | Elf:3    | Identified the cursed +0 robe of Claustrophobia {rF++}
 49037 | Elf:3    | Identified the amulet "Egomen" {+Rage rPois rN+ Str+3}
 49058 | Elf:3    | Identified the amulet of the Stag {Reflect rPois rC+ MP-9
                  | Int+3 SH+5}
 49136 | Elf:3    | Identified the +1 robe of Misanthropy {Str+4}
 49301 | Elf:3    | Identified the amulet "Domemom" {Spirit rElec Int+3}
 50047 | Elf:3    | Found the +3 pair of gauntlets of War {Slay+5}
 50221 | Elf:3    | Got a diamond-studded plate armour
 50232 | Elf:3    | Identified the +8 plate armour of Taynum {rF++ rC+ MR+}
                  | (You found it on level 3 of the Elven Halls)
 50798 | Depths:1 | Entered Level 1 of the Depths
 51726 | Depths:1 | Found a gateway to Hell.
 52142 | Depths:1 | Reached skill level 18 in Fighting
 52612 | Depths:2 | Reached skill level 15 in Dodging
 52754 | Depths:2 | Reached XP level 24. HP: 120/198 MP: 32/32
 53250 | Depths:2 | Found a one-way gate leading to the halls of Pandemonium.
 53431 | Depths:2 | Found Ethreuca's Armour Shoppe.
 53433 | Depths:2 | Found Askuihit's General Store.
 53435 | Depths:2 | Found Sixitonk's Antique Armour Shoppe.
 53441 | Depths:2 | Bought a scroll of enchant armour for 112 gold pieces
 53959 | Depths:3 | Noticed a caustic shrike
 53969 | Depths:3 | Killed a caustic shrike
 54029 | Depths:3 | Noticed a golden dragon
 54036 | Depths:3 | Noticed a caustic shrike
 54037 | Depths:3 | Killed a golden dragon
 54046 | Depths:3 | Killed a caustic shrike
 54137 | Depths:3 | Noticed a golden dragon
 54151 | Depths:3 | Killed a golden dragon
 54385 | Depths:3 | Noticed a juggernaut
 54405 | Depths:3 | Killed a juggernaut
 54901 | Depths:2 | Found a hide-covered altar of Uskayaw.
 55054 | Depths:2 | Reached skill level 19 in Fighting
 55823 | Depths:4 | Reached XP level 25. HP: 193/208 MP: 32/32
 56984 | Depths:4 | Found a gateway to a ziggurat.
 57061 | Depths:4 | Found a one-way gate to the infinite horrors of the Abyss.
 57428 | Depths:5 | Entered Level 5 of the Depths
 57428 | Depths:5 | Found Anewk's Food Shoppe.
 57428 | Depths:5 | Found Lycasoar's Antique Weapon Shop.
 57534 | Depths:5 | Found Xetutey's Book Emporium.
 58220 | Depths:5 | Reached XP level 26. HP: 217/217 MP: 32/32
 58241 | Depths:5 | Found Bydojung's Book Shop.
 58539 | Depths:4 | Reached skill level 20 in Fighting
 58684 | Depths:5 | Found Qicwiked's Food Shoppe.
 58942 | Depths:5 | Found a gate to the Realm of Zot.
 59057 | Depths:5 | Found a blossoming altar of Fedhas.
 59522 | Vaults:4 | Found Bovopp's Magic Scroll Shop.
 59526 | Vaults:4 | Bought a scroll of enchant armour for 142 gold pieces
 59986 | Vaults:4 | Found Meaghu's Assorted Antiques.
 60026 | Vaults:4 | Found Ipod's Book Shoppe.
 60209 | Vaults:4 | Found Zoatar's Magic Scroll Shop.
 60527 | Vaults:4 | Found Pihuap's Armour Boutique.
 60539 | Vaults:4 | Bought a +2 helmet of intelligence for 322 gold pieces
 60815 | Depths:2 | Bought a +2 cloak of magic resistance for 279 gold pieces
 61107 | Slime:1  | Entered Level 1 of the Pits of Slime
 62004 | Lair:6   | Reached XP level 27. HP: 226/226 MP: 32/32
 62491 | Slime:4  | Gained mutation: Scrolls take you a little longer to read.
                  | [a shining eye]
 62673 | Slime:5  | Entered Level 5 of the Pits of Slime
 62732 | Slime:5  | Found a viscous altar of Jiyva.
 62733 | Slime:5  | Noticed the Royal Jelly
 62759 | Slime:5  | Was placed under penance by the Shining One
 62775 | Slime:5  | Killed the Royal Jelly
 62790 | Slime:5  | Gained mutation: You are frail. (-10% HP) [a shining eye]
 62885 | Slime:3  | Gained mutation: You are very frail. (-20% HP) [a shining
                  | eye]
 63204 | Slime:4  | Gained mutation: You are weak. (Str -2) [a shining eye]
 63396 | Slime:5  | Found the +8 Wrath of Trog {antimagic, *Rage}
 63431 | Slime:5  | Got a slimy rune of Zot
 63446 | Slime:5  | Got a slimy hunting sling
 63447 | Slime:5  | Identified the +9 hunting sling of Joyful Slaughter {venom,
                  | rF+ Stlth+} (You found it on level 5 of the Pits of Slime)
 63863 | Crypt:1  | Entered Level 1 of the Crypt
 64028 | Crypt:1  | Was forgiven by the Shining One
 64189 | Crypt:1  | Identified the +8 dire flail of Luexavva {crush, rN+ MR+}
                  | (You found it on level 1 of the Crypt)
 65315 | Crypt:1  | Reached skill level 21 in Fighting
 65520 | Crypt:1  | Identified Kikubaaqudgha's Disquisition on Darkness
 66093 | Depths:4 | Voluntarily entered the Abyss.
 66353 | Abyss:3  | Found a corrupted altar of Lugonu.
 66357 | Depths:4 | Escaped the Abyss
 66359 | Depths:4 | Voluntarily entered the Abyss.
 66395 | Depths:4 | Escaped the Abyss
 66397 | Depths:4 | Voluntarily entered the Abyss.
 66461 | Abyss:1  | Found a corrupted altar of Lugonu.
 66471 | Abyss:1  | Got a sheer robe
 66482 | Depths:4 | Escaped the Abyss
 66488 | Depths:4 | Voluntarily entered the Abyss.
 66494 | Abyss:1  | Found a corrupted altar of Lugonu.
 66551 | Depths:4 | Escaped the Abyss
 66556 | Depths:4 | Voluntarily entered the Abyss.
 66566 | Abyss:1  | Got a wavering granite ring
 66568 | Abyss:1  | Identified the ring "Jusk" {rN+ MR- Int+2 SInv} (You found
                  | it on level 1 of the Abyss)
 67004 | Depths:4 | Escaped the Abyss
 67006 | Depths:4 | Voluntarily entered the Abyss.
 67302 | Abyss:1  | Found a corrupted altar of Lugonu.
 67307 | Abyss:1  | Found a sparkling altar of Nemelex Xobeh.
 67521 | Abyss:2  | Found a corrupted altar of Lugonu.
 67529 | Abyss:2  | Found a corrupted altar of Lugonu.
 68196 | Abyss:3  | Found a corrupted altar of Lugonu.
 68362 | Abyss:3  | Gained mutation: Armour fits poorly on your strangely
                  | shaped body. [a neqoxec]
 68439 | Abyss:3  | Gained mutation: You are occasionally teleported next to
                  | monsters. [a neqoxec]
 68901 | Abyss:3  | Paralysed by accursed screaming for 1 turns
 68905 | Abyss:3  | Paralysed by accursed screaming for 2 turns
 69099 | Abyss:4  | Got an abyssal rune of Zot
 69293 | Depths:4 | Escaped the Abyss
 69503 | D:11     | Lost mutation: You are very frail. (-20% HP) [potion of
                  | mutation]
 69503 | D:11     | Lost mutation: Armour fits poorly on your strangely shaped
                  | body. [potion of mutation]
 69503 | D:11     | Lost mutation: You are occasionally teleported next to
                  | monsters. [potion of mutation]
 69503 | D:11     | Lost mutation: You are frail. (-10% HP) [potion of
                  | mutation]
 69503 | D:11     | Gained mutation: You are partially covered in large bone
                  | plates. (SH +4) [potion of mutation]
 69957 | Elf:2    | Bought shiny gold dragon scales for 2573 gold pieces
 70243 | D:15     | Identified a +5 double sword of holy wrath (a +3 double
                  | sword blessed by the Shining One)
 70243 | D:15     | Received a gift from the Shining One
 70534 | Snake:3  | Bought a scroll of enchant armour for 142 gold pieces
 71481 | Crypt:2  | Reached skill level 1 in Evocations
 72228 | Crypt:3  | Entered Level 3 of the Crypt
 72666 | Crypt:3  | Reached skill level 5 in Evocations
 72671 | Crypt:3  | Found an ancient bone altar of Kikubaaqudgha.
 72681 | Crypt:3  | Noticed Mennas
 72714 | Crypt:3  | Killed Mennas
 73056 | Crypt:3  | Reached skill level 22 in Fighting
 73216 | Crypt:3  | Identified the Guide on Black Arts
 73453 | Crypt:3  | Noticed Xtahua
 73466 | Crypt:3  | Killed Xtahua
 73600 | Crypt:3  | Found a staircase to the Tomb.
 73804 | Vaults:5 | Entered Level 5 of the Vaults
 73808 | Vaults:5 | Noticed an ancient lich
 73824 | Vaults:5 | Killed an ancient lich
 73843 | Vaults:5 | Noticed an ancient lich
 73879 | Vaults:5 | Killed an ancient lich
 73881 | Vaults:5 | Noticed an ancient lich
 73883 | Vaults:5 | HP: 11/233 [titan/the air (20)]
 73886 | Vaults:5 | Identified the +5 scythe "Wiatin" {vamp, *Rage rElec Str+5}
 73966 | Vaults:5 | Noticed an ancient lich
 73978 | Vaults:5 | Killed an ancient lich
 74182 | Vaults:5 | Killed an ancient lich
 74294 | Vaults:5 | Noticed an ancient lich
 74307 | Vaults:5 | Killed an ancient lich
 74339 | Vaults:5 | Identified the +1 buckler of Inevitability {*Drain rC++
                  | Str+8 Int-3}
 74345 | Vaults:5 | Reached skill level 23 in Fighting
 74382 | Vaults:5 | Identified the +9 rapier "Tattletale" {antimagic, rElec
                  | Int+3}
 75040 | Vaults:5 | Got a silver rune of Zot
 75222 | Vaults:5 | Got a glittering steel ring
 75222 | Vaults:5 | Identified the ring "Suleol" {Fire Str-2 Int+2 Dex+3} (You
                  | found it on level 5 of the Vaults)
 75222 | Vaults:5 | Identified the ring of Dawn {+Inv +Fly rPois Dex+7}
 75236 | Vaults:5 | Identified the amulet "Suclakui" {RegenMP +Inv +Fly rPois
                  | Int-5}
 75786 | Vaults:5 | Identified the -2 pair of gloves of Happy Babbling {*Slow
                  | rC++ Slay+2} (You found it on level 5 of the Vaults)
 75838 | Vaults:5 | Identified the +2 ice dragon scales of the Gloaming {rF-
                  | rC++ Str+3 Int+9 Dex+2} (You found it on level 5 of the
                  | Vaults)
 75979 | D:13     | Learned a level 1 spell: Apportation
 75982 | D:13     | Learned a level 2 spell: Blink
 75984 | D:13     | Learned a level 1 spell: Summon Butterflies
 76089 | Hell     | Entered the Vestibule of Hell
 76089 | Hell     | Noticed Geryon
 76109 | Hell     | Killed Geryon
 76136 | Hell     | Reached skill level 1 in Spellcasting
 76136 | Hell     | Reached skill level 1 in Translocations
 76193 | Hell     | Found a gateway to the ashen valley of Gehenna.
 76220 | Geh:1    | Entered Level 1 of Gehenna
 77272 | Geh:7    | Entered Level 7 of Gehenna
 77374 | Geh:7    | Reached skill level 5 in Spellcasting
 77683 | Geh:7    | Reached skill level 24 in Fighting
 77954 | Geh:7    | Identified the +7 sceptre of Asmodeus
 77954 | Geh:7    | Noticed Asmodeus
 77976 | Geh:7    | Killed Asmodeus
 77992 | Geh:7    | Got an obsidian rune of Zot
 78137 | Geh:7    | Reached skill level 5 in Translocations
 78267 | Hell     | Found a gateway to the Iron City of Dis.
 78326 | Hell     | Found a gateway to the decaying netherworld of Tartarus.
 78380 | Hell     | Found a gateway to the freezing wastes of Cocytus.
 78803 | Zot:1    | Entered Level 1 of the Realm of Zot
 78878 | Zot:1    | Reached skill level 1 in Summonings
 79054 | Zot:1    | Noticed an orb of fire
 79060 | Zot:1    | Gained mutation: You are dopey. (Int -2) [an orb of fire]
 79065 | Zot:1    | Gained mutation: Your spells are a little easier to cast,
                  | but a little less powerful. [an orb of fire]
 79069 | Zot:1    | Gained mutation: You are very dopey. (Int -4) [an orb of
                  | fire]
 79073 | Zot:1    | Gained mutation: Your body sometimes deteriorates upon
                  | taking damage. [an orb of fire]
 79074 | Zot:1    | Gained mutation: You are very weak. (Str -4) [an orb of
                  | fire]
 79075 | Zot:1    | Killed an orb of fire
 80366 | Zot:3    | Learned a level 5 spell: Summon Mana Viper
 80370 | Zot:3    | Learned a level 3 spell: Spectral Weapon
 80442 | Zot:3    | Noticed an orb of fire
 80442 | Zot:3    | Noticed a Killer Klown
 80471 | Zot:2    | Reached skill level 1 in Hexes
 80471 | Zot:2    | Reached skill level 1 in Charms
 80842 | Zot:3    | Reached skill level 10 in Spellcasting
 80846 | Zot:3    | Reached skill level 5 in Summonings
 81110 | Zot:3    | Killed a Killer Klown
 81151 | Zot:3    | Gained mutation: You are clumsy. (Dex -2) [an orb of fire]
 81163 | Zot:3    | Killed an orb of fire
 81273 | Zot:3    | Reached skill level 25 in Fighting
 82011 | Zot:4    | Reached skill level 5 in Charms
 82020 | Zot:4    | Reached skill level 5 in Hexes
 82814 | Zot:5    | Entered Level 5 of the Realm of Zot
 83131 | Zot:5    | Noticed an orb of fire
 83134 | Zot:5    | Noticed an orb of fire
 83135 | Zot:5    | Noticed an orb of fire
 83138 | Zot:5    | Noticed an orb of fire
 83138 | Zot:5    | Gained mutation: Armour fits poorly on your strangely
                  | shaped body. [an orb of fire]
 83142 | Zot:5    | Noticed an orb of fire
 83569 | Zot:4    | Gained mutation: Potions are less effective at restoring
                  | your health. [an orb of fire]
 83576 | Zot:4    | Gained mutation: You tend to lose your temper in combat.
                  | [an orb of fire]
 83578 | Zot:4    | Gained mutation: Your spells are easier to cast, but less
                  | powerful. [an orb of fire]
 83580 | Zot:4    | Gained mutation: You often lose your temper in combat. [an
                  | orb of fire]
 83582 | Zot:4    | Killed an orb of fire
 83584 | Zot:4    | Lost mutation: Armour fits poorly on your strangely shaped
                  | body. [potion of mutation]
 83584 | Zot:4    | Lost mutation: Your body sometimes deteriorates upon taking
                  | damage. [potion of mutation]
 83584 | Zot:4    | Lost mutation: You are very dopey. (Int -4) [potion of
                  | mutation]
 83584 | Zot:4    | Lost mutation: Scrolls take you a little longer to read.
                  | [potion of mutation]
 83584 | Zot:4    | Gained mutation: Your flesh is heat resistant. (rF+)
                  | [potion of mutation]
 83584 | Zot:4    | Lost mutation: You are dopey. (Int -2) [potion of mutation]
 83599 | Zot:4    | Gained mutation: You are frail. (-10% HP) [an orb of fire]
 83761 | Zot:4    | Gained mutation: Armour fits poorly on your strangely
                  | shaped body. [an orb of fire]
 83773 | Zot:4    | Killed an orb of fire
 83848 | Zot:4    | Gained mutation: You are very frail. (-20% HP) [an orb of
                  | fire]
 83866 | Zot:4    | Gained mutation: You are very clumsy. (Dex -4) [an orb of
                  | fire]
 83874 | Zot:4    | Killed an orb of fire
 83928 | Zot:5    | Gained mutation: You occasionally shout uncontrollably at
                  | your foes. [an orb of fire]
 83937 | Zot:4    | Gained mutation: You are extremely frail. (-30% HP) [an orb
                  | of fire]
 83941 | Zot:4    | Gained mutation: Your body sometimes deteriorates upon
                  | taking damage. [an orb of fire]
 83951 | Zot:4    | Killed an orb of fire
 84012 | Zot:5    | Noticed an orb of fire
 84016 | Zot:5    | Gained mutation: Your body often deteriorates upon taking
                  | damage. [an orb of fire]
 84021 | Zot:5    | Gained mutation: Your magical capacity is low. (-10% MP)
                  | [an orb of fire]
 84024 | Zot:5    | Gained mutation: Your spells are much easier to cast, but
                  | much less powerful. [an orb of fire]
 84031 | Zot:5    | Killed an orb of fire
 84093 | Zot:5    | Noticed an ancient lich
 84096 | Zot:5    | Noticed an ancient lich
 84096 | Zot:5    | Noticed a Killer Klown
 84104 | Zot:5    | Killed an ancient lich
 84122 | Zot:5    | Killed a Killer Klown
 84694 | Zot:5    | Killed an ancient lich
 84816 | Zot:5    | Noticed a Killer Klown
 84910 | Zot:5    | Reached skill level 10 in Summonings
 85173 | Zot:5    | Killed a Killer Klown
 85258 | Zot:5    | Got the Orb of Zot
 85398 | Zot:1    | Noticed Vogust the pandemonium lord
 85426 | Zot:1    | Killed Vogust the pandemonium lord
 85426 | Zot:1    | Reached skill level 10 in Hexes
 85852 | D:6      | Noticed Iqienip the pandemonium lord
 85877 | D:6      | Noticed Luiskin the pandemonium lord
 85907 | D:5      | Killed Iqienip the pandemonium lord
 85907 | D:5      | Reached skill level 26 in Fighting
 86024 | D:1      | Noticed Osunyd the pandemonium lord
 86035 | D:1      | Killed Osunyd the pandemonium lord
 86056 | D:1      | Noticed a seraph
 86059 | D:$      | Escaped with the Orb!

Levels and vault maps discovered:
D:1:      dpeg_arrival_ratfight, layout_rooms
D:2:      layout_basic, zin_scriptorium, minmay_divided_ellipse
D:3:      layout_basic, first_ration
D:4:      layout_rooms, lemuel_doored_altar, minmay_temple_entry_hall,
          chequers_garden, makhleb_altar_promises_db, uniq_grinder
D:5:      layout_loops_cross, nicolae_overflow_crystal_walls, uniq_sigmund,
          uniq_pikel
D:6:      layout_rooms, trog_ov_bears_minmay
D:7:      layout_basic, elyvilon_altar_4, kennysheep_vampire_church
D:8:      layout_loops_ring, serial_shops, shop, the_bakery, st_stairs_4,
          ashenzari_altar_1, uniq_psyche, uniq_maurice
D:9:      layout_cave_pools, minmay_orc_entry_temple_small, serial_shops, shop,
          serial_column_ruins, column_ruins_square_medium,
          column_ruins_hut_ruined, column_ruins_open_small,
          column_ruins_corridor_straight, column_ruins_grid_1,
          column_ruins_grid_1, column_ruins_columns_straight, grunt_potential
D:10:     layout_loops_ring, serial_ice, serial_ice_n, serial_ice_e,
          serial_ice_j, serial_ice_g, serial_ice_m, enter_bailey_2
D:11:     layout_loops_ring, minmay_lair_entry_grove, serial_shops,
          nicolae_shop_stone, trove_entry_hex_spiral, nrook_mini_backslash
D:12:     layout_basic
D:13:     layout_rooms, david_vaults_1, uniq_frances, uniq_kirke
D:14:     layout_long_grid, chequers_hall_statues_corner_a, minmay_misc_feat_x,
          corexii_hall_statues_x, grunt_ministairs_10, uniq_roxanne,
          uniq_rupert, uniq_azrael
D:15:     gammafunk_enter_depths_forms, layout_cross,
          nicolae_gozag_seed_capital, uniq_josephine, uniq_nessos
Temple:   eino_temple_scatter_basement
Lair:1:   layout_cave_shapes, gauntlet_entry_generic, wad_woods_road_01,
          chequers_serial_rivers_large_b, minmay_lair_oklob_chamber
Lair:2:   layout_regular_city, guppyfry_snake_entry_island,
          infiniplex_staircase_pool, lemuel_fruit_tree
Lair:3:   beast_lair_carwin_large_3, layout_gridlike, minmay_shoals_entry_hut,
          grunt_megastairs_1, serial_bayou_shore_a
Lair:4:   layout_misc_corridors
Lair:5:   layout_cave_pods, st_stairs_8
Lair:6:   due_jungle_book, layout_loops_ring, slime_altar_1, kennysheep_rathole
Shoals:1: layout_shoals
Shoals:2: layout_shoals, nicolae_shoals_drake_roost
Shoals:3: layout_shoals, nicolae_shoals_isolated_beach
Shoals:4: shoals_end_grunt_garden, layout_shoals, serial_shops,
          nicolae_shop_crystal, nicolae_shoals_square_sea_wall
Snake:1:  layout_chambers, uniq_nikola
Snake:2:  layout_layer_cave, serial_shops, freezing_bzr,
          nrook_guardian_serpent_ordinary, minmay_shop_grove,
          grunt_megastairs_4, uniq_asterion
Snake:3:  layout_basic, serial_shops, shop_coins, grunt_ministairs_4,
          grunt_megastairs_2
Snake:4:  johnstein_snake_rune_scales, layout_onion, hangedman_corner_corridor
Slime:1:  layout_caves
Slime:2:  layout_caves
Slime:3:  nicolae_slime_jelly_donut, layout_caves,
          cheibrodos_slime_lost_civilization_5
Slime:4:  layout_caves
Slime:5
Orc:1:    layout_caves
Orc:2:    st_orc_congregation, layout_caves
Elf:1:    elf_arrival_001, layout_loops_corners, serial_shops,
          nicolae_shop_trees, minmay_elf_necromancy, drop_trap
Elf:2:    layout_geoelf_diagonals, basic_altar, serial_shops,
          nicolae_shop_temple_entry_statues_fountains, minivault_16
Elf:3:    elf_hall_gauntlet_narrow, layout_gridlike
Vaults:1: v_pattern_2, hangedman_vaults_stream, vaults_dpeg_cross,
          vaults_mumra_hexcomb, layout_vaults_omnigrid
Vaults:2: minmay_crypt_entry_skeletal_spiral, v_alt_pattern_2,
          vaults_room_fancy_cross, hangedman_vaults_capsules,
          special_room_vaults [special_room_orc], nicolae_vaults_circle_grid_a,
          vaults_room_corners, nicolae_vaults_little_squares_3,
          ontoclasm_vaults_twist, layout_vaults_omnicross, serial_shops,
          nicolae_shop_stone
Vaults:3: gammafunk_vaults_ghost_cemetery, ontoclasm_vaults_gallery,
          vaults_room_fancy_cross, nicolae_vaults_network_quinsquares
          [nicolae_vaults_network_quincunx_subvault,
          nicolae_vaults_network_quincunx_subvault,
          nicolae_vaults_network_quincunx_subvault,
          nicolae_vaults_network_quincunx_subvault], vaults_mumra_hex,
          nicolae_vaults_ring_of_whatevers, ontoclasm_vaults_eye,
          ontoclasm_vaults_gateway, nicolae_vaults_network_periphery, v_misc_12,
          nicolae_vaults_little_ls, layout_vaults_omnibox, serial_shops, shop
Vaults:4: nicolae_vaults_little_squares_4, st_octagons_2,
          nicolae_vaults_mini_display_case, vaults_room_hallway,
          hangedman_vaults_restitches, nicolae_vaults_diagonal_hallway_7,
          nicolae_vaults_yaktaur_gun_rack, v_misc_15, ontoclasm_vaults_shuriken,
          layout_vaults_big_room, serial_shops, shop_fountains,
          nicolae_shop_waterfront, shop_fountains, shop, shop
Vaults:5
Crypt:1:  grunt_deathspiral_small, layout_regular_city, st_stairs_1,
          st_chilly_death
Crypt:2:  layout_regular_city, evilmike_ambush [evilmike_ambush_outer_basic,
          evilmike_ambush_inner_basic]
Crypt:3:  church_of_pain_bobbens, layout_chaotic_city,
          nicolae_tomb_entry_grand_gallery, uniq_xtahua, uniq_mennas
Depths:1: layout_cave_pools, pf_hell_entry_tar_river,
          ebering_dispersal_statue_hall, chequers_serial_rivers_micro_c,
          minmay_fractal_squares_gapless_7
Depths:2: regret_index_uskayaw_diablada_macabre, layout_cave_shapes, hell_entry,
          grunt_pan_entry_in_and_out, infiniplex_staircase_pool_2,
          minmay_shop_star
Depths:3: minmay_the_grid_octo_2x2 [minmay_the_grid_octo_pinwheel,
          minmay_the_grid_octo_toaster, minmay_the_grid_octo_focus,
          minmay_the_grid_octo_prize_big_c], layout_long_grid,
          minmay_misc_feat_ornament, hell_entry, rand_demon_pan_entry_5,
          infiniplex_staircase_zigzag_2
Depths:4: minmay_swirls_squares, layout_gridlike, enter_ziggurat_a,
          abyss_entry_small_statue_room, pf_coc_iceberg, corexii_hall_statues_l,
          kennysheep_generic_room_14
Depths:5: grunt_zot_entry_gee_three, layout_cave_shapes, lemuel_statue_altar,
          lightli_too_deep, serial_shops, shop, shop, nicolae_shop_trees,
          shop_coins, nicolae_shop_waterfront, fountainhead,
          corexii_hall_statues_t
Hell
Geh:1:    layout_gehenna_lava_caves
Geh:2:    layout_gehenna_pools_basic, hangedman_hellfire_club
Geh:3:    layout_gehenna_lava_caves
Geh:4:    layout_gehenna_pools_triple, lemuel_old_faithful
Geh:5:    layout_gehenna_pools_box
Geh:6:    layout_gehenna_pools_box, hangedman_elemental_corridor
Geh:7:    geh_hangedman
Zot:1:    layout_misc_corridors, st_stairs_13, grunt_megastairs_5
Zot:2:    layout_onion
Zot:3:    layout_concentric_octagons
Zot:4:    layout_basic, hangedman_zot_decor_tridents
Zot:5:    layout_misc_corridors

Skill      XL: |  1  2  3  4  5  6  7  8  9 10 11 12 13 14 15 16 17 18 19 20 21 22 23 24 25 26 27 |
---------------+----------------------------------------------------------------------------------+-----
Long Blades    | 3 5 6 7 8 10 11 12 13 15 16 | 16.0
Armour         | 4 5 6 7 8 10 12 13 14 15 16 17 18 19 20 23 | 23.0
Shields        | 4 5 6 7 8 9 10 11 12 13 14 15 16 17 18 19 25 | 25.0
Dodging        | 1 4 5 6 8 9 10 12 13 14 15 16 18 | 18.0
Invocations    | 4 8 11 12 | 12.2
Fighting       | 4 7 10 12 13 15 16 17 18 19 20 26 | 26.0
Slings         | 1 6 8 9 10 11 12 14 | 14.0
Evocations     | 8 |  8.0
Spellcasting   | 12 | 12.0
Translocations | 6 |  6.0
Summonings     | 11 | 11.4
Hexes          | 10 | 10.7
Charms         | 6 |  6.0

Action                   |  1- 3 |  4- 6 |  7- 9 | 10-12 | 13-15 | 16-18 | 19-21 | 22-24 | 25-27 || total
-------------------------+-------+-------+-------+-------+-------+-------+-------+-------+-------++-------
Melee: Long sword        |    78 |   115 |   287 |   119 |       |       |       |       |       ||   599
       Scimitar          |       |       |       |   749 |   561 |       |       |       |       ||  1310
       Dagger            |       |       |       |     5 |     5 |       |       |       |       ||    10
       Mace              |       |       |       |       |    16 |       |       |       |       ||    16
       Double sword      |       |       |       |       |   540 |  1025 |  1584 |  1312 |  5645 || 10106
 Fire: Hunting sling     |       |       |       |       |    22 |    65 |       |   137 |    13 ||   237
       Fustibalus        |       |       |       |       |       |       |       |       |    16 ||    16
Throw: Dart              |     2 |    10 |    11 |    10 |     3 |     6 |     1 |       |       ||    43
       Javelin           |       |       |     3 |    20 |       |     4 |       |     3 |       ||    30
       Throwing net      |       |       |       |       |       |       |       |       |     2 ||     2
 Cast: Blink             |       |       |       |       |       |       |       |       |    11 ||    11
       Spectral Weapon   |       |       |       |       |       |       |       |       |    11 ||    11
       Summon Mana Viper |       |       |       |       |       |       |       |       |     2 ||     2
       Summon Butterflie |       |       |       |       |       |       |       |       |     1 ||     1
Invok: Divine Shield     |       |       |       |     1 |     1 |       |     1 |       |     5 ||     8
       Summon Divine War |       |       |       |       |     3 |     1 |     2 |     1 |    15 ||    22
       Cleansing Flame   |       |       |       |       |       |       |       |       |     7 ||     7
       Brand Weapon With |       |       |       |       |       |       |       |       |     1 ||     1
 Abil: Evoke Blink       |       |       |       |       |       |     1 |     1 |       |       ||     2
       Evoke Flight      |       |       |       |       |       |       |     1 |       |     2 ||     3
       Stop Flying       |       |       |       |       |       |       |       |       |     2 ||     2
Evoke: Wand              |       |       |       |    21 |     2 |       |     1 |     1 |     2 ||    27
       Box of beasts     |       |       |       |       |       |       |       |       |     1 ||     1
  Use: Scroll            |       |     5 |     2 |     6 |    24 |     8 |     5 |     2 |    48 ||   100
       Potion            |       |     1 |     1 |       |     1 |     4 |     2 |       |    15 ||    24
  Eat: Chunk             |       |     7 |     8 |    60 |    37 |    34 |    25 |    47 |    20 ||   238
       Ration            |       |       |     1 |       |       |     1 |     2 |     3 |    27 ||    34
Armor: Scale mail        |    36 |     4 |       |       |       |       |       |       |       ||    40
       Plate armour      |       |    69 |   111 |   219 |    48 |   392 |   404 |   385 |  1554 ||  3182
       Crystal plate arm |       |       |       |   139 |   511 |       |       |       |       ||   650
Dodge: Dodged            |    22 |    13 |    10 |    98 |   133 |   196 |   477 |   451 |  1974 ||  3374
Block: Shield            |    43 |    48 |       |       |       |       |       |       |       ||    91
       Large shield      |       |    10 |   206 |   680 |   998 |  1015 |  1588 |  1165 |  6916 || 12578
       Rpst.: Long sword |     5 |     6 |     5 |     5 |       |       |       |       |       ||    21
       Scimitar          |       |       |       |    16 |    14 |       |       |       |       ||    30
       Double sword      |       |       |       |       |    13 |    23 |    75 |    60 |   318 ||   489
